 Dungeon Crawl Stone Soup version 0.21.1-1-g345015f (webtiles) character file.

52 Mesmaeker13 the Chiller (level 3, -3/21 HPs)
             Began as an Octopode Ice Elementalist on June 10, 2018.
             Slain by a worm (5 damage)
             ... on level 2 of the Dungeon.
             The game lasted 00:03:16 (2028 turns).

Mesmaeker13 the Chiller (Octopode Ice Elementalist) Turns: 2028, Time: 00:03:16

Health: -3/21      AC:  1    Str:  7    XL:     3   Next: 85%
Magic:  1/6        EV: 14    Int: 18    God:
Gold:   118        SH:  0    Dex: 12    Spells: 3/6 levels left

rFire    . . .     SeeInvis .   l - +0 dagger
rCold    . . .     Gourm    .   (no shield)
rNeg     . . .     Faith    .   (helmet restricted)
rPois    .         Spirit   .   (no amulet)
rElec    .         Reflect  .   (no ring)
rCorr    .         Harm     .   (no ring)
MR       .....                  (no ring)
Stlth    +++.......             (no ring)
HPRegen  0.07/turn              (no ring)
MPRegen  0.10/turn              (no ring)
                                (no ring)
                                (no ring)

@: very slightly contaminated
A: almost no armour, stealthy swim, amphibious, 8 rings, constrict 8, camouflage
1, gelatinous body 1
a: no special abilities


You were on level 2 of the Dungeon.
You were not hungry.

You visited 1 branch of the dungeon, and saw 2 of its levels.

You collected 118 gold pieces.

Inventory:

Hand Weapons
 l - a +0 dagger (weapon)
Missiles
 c - 2 needles of sleeping
 m - 2 throwing nets (quivered)
Scrolls
 d - 2 scrolls of identify {unknown}
 e - a scroll of enchant weapon {unknown}
 g - a scroll of teleportation {unknown}
 i - a scroll of remove curse {unknown}
 k - 2 scrolls of fog {unknown}
 q - a scroll of enchant armour {unknown}
 r - a scroll of amnesia {unknown}
Potions
 f - 3 potions of curing {unknown}
 h - a potion of ambrosia {unknown}
 j - a potion of heal wounds {unknown}
 n - a potion of agility {unknown}
 o - 2 potions of magic {unknown}
Books
 a - a book of Frost

   Spells                             Type                      Level
   a - Freeze                         Ice                          1
   b - Throw Frost                    Conjuration/Ice              2
   c - Ozocubu's Armour               Charms/Ice                   3
   d - Throw Icicle                   Conjuration/Ice              4
   e - Summon Ice Beast               Ice/Summoning                4
Comestibles
 b - 4 chunks of flesh
 p - a ration


   Skills:
 + Level 3.0 Dodging
 - Level 2.6 Stealth
 - Level 2.0 Spellcasting
 + Level 1.3 Conjurations
 + Level 3.8 Ice Magic


You had 3 spell levels left.
You knew the following spells:

 Your Spells              Type           Power        Failure   Level  Hunger
a - Freeze                Ice            ###.         3%          1    #......
b - Throw Frost           Conj/Ice       ##....       10%         2    ###....


Dungeon Overview and Level Annotations

Branches:
Dungeon (2/15)

Altars:
Nemelex Xobeh


Innate Abilities, Weirdness & Mutations

You cannot wear most types of armour.
You are very stealthy in the water. (Stealth+)
You are amphibious.
You can wear up to eight rings at the same time.
You can use your tentacles to constrict eight enemies at once.
Your skin changes colour to match your surroundings (Stealth+).
Your rubbery body absorbs attacks. (AC +1, EV +1)


Message History

You freeze the worm.
The worm is moderately wounded.
The worm bites you!
* * * LOW HITPOINT WARNING * * *
Casting: Freeze
Confirm with . or Enter, or press ? or * to list all spells.
Aiming: Freeze
Press: ? - help, Shift-Dir - straight line, f/p - worm
Aim: a worm (moderately wounded)
You freeze the worm.
The worm is moderately wounded.
Casting: Freeze
Confirm with . or Enter, or press ? or * to list all spells.
Aiming: Freeze
Press: ? - help, Shift-Dir - straight line, f/p - worm
Aim: a worm (moderately wounded)
You freeze the worm.
The worm is severely wounded.
The worm bites you.
You die...

#.###.# #.###.#
......# #######
#######.# ##.......#
##...######
######.#.#.##
##...#.##.##.####
##.)..⌠.⌠.....@w.#
###.÷^..._...##.##%#
........⌠.⌠#.#.## #
###.......#...#
##.......#.##
#...........
#.#.#.#.#...!
#.#.#...>##.. #.
.......#...


You could see a worm.

Vanquished Creatures
  An ooze (D:1)
  A worm (D:2)
  2 dart slugs (D:2)
  A leopard gecko (D:1)
  8 goblins
  7 hobgoblins
  A quokka (D:2)
  4 bats
  2 frilled lizards (D:2)
  5 kobolds
  7 rats
39 creatures vanquished.

Notes
Turn   | Place    | Note
-------+----------+-------------------------------------------
     0 | D:1      | Mesmaeker13 the Octopode Ice Elementalist began the quest for the Orb.
     0 | D:1      | Reached XP level 1. HP: 11/11 MP: 3/3
   557 | D:1      | Reached XP level 2. HP: 11/17 MP: 0/5
  1289 | D:1      | Reached XP level 3. HP: 20/21 MP: 3/6
  1530 | D:2      | Learned a level 2 spell: Throw Frost
  1997 | D:2      | Found a sparkling altar of Nemelex Xobeh.
  2028 | D:2      | Slain by a worm

Skill      XL: |  1  2  3 |
---------------+----------+-----
Dodging        | 3 |  3.0
Stealth        | |  2.6
Spellcasting   | |  2.0
Conjurations   | |  1.3
Ice Magic      | |  3.8

Action                   || total
-------------------------++-------
Melee: Unarmed           ||     7
       Constrict         ||     6
       Dagger            ||    20
       Tentacles         ||     2
 Cast: Freeze            ||    52
 Stab: Sleeping          ||     4
  Eat: Ration            ||     1
       Chunk             ||     1
Armor: Skin              ||     4
Dodge: Dodged            ||    29
